 Dungeon Crawl Stone Soup version 0.28.0-53-g5a82cb258f (webtiles) character file.

Game seed: 5861359803820795387

448 safid the Chopper (level 7, -5/59 HPs)
             Began as a Hill Orc Fighter on July 8, 2022.
             Slain by Pikel
             ... wielding a +2 whip of electrocution
              (7 damage)
             ... on level 3 of the Dungeon.
             The game lasted 00:07:25 (3488 turns).

safid the Chopper (Hill Orc Fighter)                Turns: 3488, Time: 00:07:26

Health: -5/59      AC:  7    Str: 27    XL:     7   Next: 4%
Magic:  0/7        EV:  8    Int:  8    God:
Gold:   112        SH:  9    Dex: 10    Spells: 6/6 levels left

rFire   . . .      SeeInvis .   a - +0 war axe
rCold   . . .      Faith    .   n - +0 kite shield
rNeg    . . .      Spirit   +   b - +0 scale mail
rPois   .          Reflect  .   (no helmet)
rElec   .          Harm     .   (no cloak)
rCorr   .          Rampage  .   (no gloves)
Will    .....                   (no boots)
Stlth   ..........              i - amulet of guardian spirit
HPRegen 0.19/turn               l - +6 ring of strength
MPRegen 0.10/turn               (no ring)

@: weak-willed
A: no striking features
a: no special abilities


You were on level 3 of the Dungeon.
You visited 1 branch of the dungeon, and saw 4 of its levels.

You collected 112 gold pieces.

Inventory:

Hand Weapons
 a - a +0 war axe (weapon)
Missiles
 d - 11 poisoned darts (quivered)
 h - 3 javelins
 q - 7 boomerangs
Armour
 b - a +0 scale mail (worn)
 n - a +0 kite shield (worn)
Jewellery
 i - an amulet of guardian spirit (around neck)
 l - a +6 ring of strength (left hand)
Scrolls
 f - 3 scrolls of identify {unknown}
 m - a scroll of teleportation {unknown}
 o - a scroll of vulnerability
 p - a scroll of enchant armour {unknown}
Potions
 c - a potion of ambrosia {unknown}
 e - 2 potions of curing {unknown}
 g - a potion of flight {unknown}
 j - 2 potions of berserk rage {unknown}
 k - 2 potions of lignification {unknown}
 r - a potion of attraction {unknown}


   Skills:
 - Level 4.0 Fighting
 + Level 6.6 Axes
 - Level 4.0 Armour
 + Level 6.1 Shields


You had 6 spell levels left.
You didn't know any spells.
Your spell library contained the following spells:

 Spells                   Type           Power      Damage    Failure   Level
 Slow                     Hex            0%         N/A       95%         1
 Gell's Gravitas          Tloc           0%         N/A       100%        3
 Lesser Beckoning         Tloc           0%         N/A       100%        3
 Teleport Other           Tloc           0%         N/A       100%        3
 Fulminant Prism          Conj/Hex       0%         3d6       100%        4
 Silence                  Hex/Air        0%         N/A       100%        5
 Lehudib's Crystal Spear  Conj/Erth      0%         10d2      100%        8


Dungeon Overview and Level Annotations

Branches:
Dungeon (4/15)
 Temple: D:4-7

Altars:
Yredelemnul

Annotations:
D:3 Pikel


Message History

Pikel hits you with a +2 whip of electrocution.
You are electrocuted!
You closely miss Pikel.
Pikel is lightly wounded.
Pikel closely misses you.
You hit Pikel but do no damage.
Pikel is lightly wounded.
Pikel hits you with a +2 whip of electrocution!
You miss Pikel.
Pikel is lightly wounded.
Pikel barely misses you. You block Pikel's attack.
You hit Pikel.
Pikel is lightly wounded.
Pikel says, "Hell isn't that bad."
Pikel closely misses you.
You barely miss Pikel.
Pikel is lightly wounded.
Pikel hits you but does no damage.
You barely miss Pikel.
Pikel is lightly wounded.
Pikel hits you with a +2 whip of electrocution!
Pikel hits you with a +2 whip of electrocution.
You barely miss Pikel.
Pikel is lightly wounded.
You block Pikel's attack.
You closely miss Pikel.
Pikel is lightly wounded.
Pikel closely misses you.
You closely miss Pikel.
Pikel is lightly wounded.
Pikel hits you with a +2 whip of electrocution. x2
You are electrocuted!!
* * * LOW HITPOINT WARNING * * *
Unknown command.
Okay, then.
Okay, then.
As you read the scroll labelled YLOJUB SAASK, it crumbles to dust.
Magic quickly surges around you.
It was a scroll of vulnerability.
Pikel hits you with a +2 whip of electrocution!
You die...

# #...# #.# #.# #.# # #..##
#.##### #.# #.# # #..# #.....#
##.# #.## # #..# #####.# #..#
#..[ ######..# #.# #.## ####
....##..######## #.# #.########
............<..####.####........#
#######.######.#..........#####.#
# #.######.#@##.#####.# #.# #
#.#......K..#.# ##.## #.#
#.#.####.#..#.# ##...## #.# #
#.#.# #.#..#.###.....###.#
#######.#.# #.#..#.##.......##.#
........#.# #.#..#.#........†..#
#.#######.# #.#).#.#........####
#.### #.# #....#.#.#.....## ....#
#.# ###..#.#.##...##


You could see Pikel (weak-willed).

Vanquished Creatures
  Sigmund (D:3)
  A necrophage (D:4)
  Jessica (D:3)
  An iguana (D:4)
  An orc wizard (D:3)
  7 adders
  A dart slug (D:3)
  5 orcs
  4 ball pythons
  4 endoplasms
  3 giant cockroaches (D:2)
  6 goblins
  4 hobgoblins
  6 jackals
  4 kobolds
  2 quokkas (D:3)
  6 bats
  6 frilled lizards
  2 rats (D:3)
65 creatures vanquished.

Vanquished Creatures (others)
  2 withered plants (D:3)
2 creatures vanquished.

Grand Total: 67 creatures vanquished

Notes
Turn   | Place    | Note
-------+----------+-------------------------------------------
     0 | D:1      | safid the Hill Orc Fighter began the quest for the Orb.
     0 | D:1      | Reached XP level 1. HP: 19/19 MP: 1/1
   328 | D:1      | Reached XP level 2. HP: 21/27 MP: 2/2
   879 | D:2      | Reached XP level 3. HP: 22/33 MP: 3/3
  1031 | D:2      | Got Paxa's Reference Book on Confrontation and Beguiling
  1049 | D:2      | Found a faded altar of an unknown god.
  1902 | D:3      | Noticed Jessica
  1914 | D:3      | Killed Jessica
  1915 | D:3      | Reached XP level 4. HP: 30/40 MP: 4/4
  2054 | D:3      | Found a basalt altar of Yredelemnul.
  2067 | D:3      | Noticed Sigmund
  2445 | D:3      | Killed Sigmund
  2446 | D:3      | Reached skill level 5 in Axes
  2446 | D:3      | Reached skill level 5 in Shields
  2446 | D:3      | Reached XP level 5. HP: 30/46 MP: 2/5
  2446 | D:3      | Reached XP level 6. HP: 34/52 MP: 2/6
  3222 | D:4      | Noticed a necrophage
  3295 | D:4      | Killed a necrophage
  3296 | D:4      | Reached XP level 7. HP: 39/59 MP: 4/7
  3460 | D:4      | Noticed Pikel
  3487 | D:3      | HP: 1/59 [Pikel/+2 whip of electrocution (17)]
  3488 | D:3      | Slain by Pikel

Illustrated notes

Levels and vault maps discovered:
D:1:      heliophobic_arrival_ceremonial_halls, layout_rooms, serial_aquarium,
          aquarium_bridge_square [aquarium_subvault_balcony,
          aquarium_subvault_bridge, aquarium_subvault_bridge,
          aquarium_subvault_bridge], aquarium_bridge_straight
          [aquarium_subvault_bridge, aquarium_subvault_window,
          aquarium_subvault_bridge, aquarium_subvault_window],
          aquarium_window_1, aquarium_window_corridor_2, aquarium_window_fake,
          aquarium_view_2e, aquarium_pool_2, grunt_decor_arrowhead
D:2:      minmay_spotlight, layout_loops_corners, nicolae_ecumenical_pavilion
D:3:      layout_loops_ring, yredelemnul_altar_generic, uniq_jessica,
          uniq_sigmund
D:4:      layout_cave_pools, amcnicky_altar_gilded, mainiacjoe_overflow_swirl,
          temple_statues, biasface_ghost_orc_armoury, serial_shops, shop,
          kennysheep_generic_room_3, uniq_pikel

Skill      XL: |  1  2  3  4  5  6 |
---------------+-------------------+-----
Axes           | 3 5 6 |  6.6
Fighting       | 4 |  4.0
Armour         | 4 |  4.0
Shields        | 4 5 6 |  6.1

Action                   |  1- 3 |  4- 6 |  7- 9 || total
-------------------------+-------+-------+-------++-------
Melee: War axe           |   103 |   102 |    11 ||   216
Throw: Javelin           |     1 |     4 |       ||     5
       Dart              |       |       |     3 ||     3
  Use: Potion            |       |     1 |       ||     1
       Scroll            |       |       |     1 ||     1
Armor: Scale mail        |    53 |    57 |     1 ||   111
Dodge: Dodged            |    57 |    47 |     4 ||   108
Block: Buckler           |    19 |       |       ||    19
       Kite shield       |     7 |    58 |     3 ||    68
